 Dungeon Sprint DCSS version 0.30-a0-1161-g0704695555 (webtiles) character file.

Game seed: 11404709292180828083

0 sircluck the Chopper (level 1, -27/19 HPs)
             Began as a Hill Orc Berserker on Apr 27, 2023.
             Was a Follower of Trog.
             Annihilated by a bog body (28 damage)
             ... in the Dungeon (Sprint VII: "The Pits").
             The game lasted 00:00:04 (14 turns).

sircluck the Chopper (Hill Orc Berserker)             Turns: 14, Time: 00:00:05

Health: -27/19     AC:  2    Str: 19    XL:     1   Next: 0%
Magic:  1/1        EV: 11    Int:  7    God:    Trog [*.....]
Gold:   0          SH:  0    Dex: 10    Spells: 0/0 levels left

rFire   . . .        a - +0 hand axe
rCold   . . .        (no shield)
rNeg    . . .        b - +0 animal skin
rPois   .            (no helmet)
rElec   .            (no cloak)
rCorr   .            (no gloves)
SInv    .            (no boots)
Will    .....        (no amulet)
Stlth   +            (no ring)
HPRegen 0.23/turn    (no ring)
MPRegen 0.07/turn

%: no teleportation
@: no status effects
A: no striking features
a: Renounce Religion, Convert to Beogh, Berserk


You were in the Dungeon.
You worshipped Trog.
Trog was aware of your devotion.
You visited 1 branch

Inventory:

Hand Weapons
 a - a +0 hand axe (weapon)
Armour
 b - a +0 animal skin (worn)
Scrolls
 h - a scroll of blinking
Potions
 c - a potion of curing
 d - a potion of heal wounds
 e - a potion of haste
 f - 2 potions of magic
 g - a potion of berserk rage


   Skills:
 + Level 3.6 Fighting
 + Level 4.0 Axes
 + Level 2.1 Armour
 + Level 1.5 Dodging


You couldn't memorise any spells.
You didn't know any spells.
Your spell library was empty.

Dungeon Overview and Level Annotations

Branches:
Dungeon (1/1)

Altars:


Message History

Welcome, sircluck the Hill Orc Berserker.
Trog says: Kill them all!
Press ? for a list of commands and other information.
Found a staircase leading out of the dungeon.
You open the door.
There is an open door to the Entrance Hall (Safe) here.
You open the huge gate.
An orc priest, 4 orcs and a bog body come into view.
An orc is wielding a +0 heavy falchion.
The orc shouts! x2; The orc priest shouts!
The orc priest shouts, "Beogh is our master!
Accept the truth or die!" (press Y on the ability menu to convert to Beogh)
The orc shouts! x2
The orc hits you with a +0 short sword.
There is a huge open gate to the Metal Vault (Medium) here.
Unknown command.
The orc priest shouts, "Beogh is our master!
Accept the truth or die!"
You hit the orc priest.
You punch the orc priest, but do no damage.
The orc priest is moderately wounded.
You hit the orc.
The orc priest shouts, "Join the one true god or die!"
The orc priest closely misses you.
You slash the orc!
You kill the orc!
Trog accepts your kill.
You closely miss the bog body.
You hit the orc priest but do no damage.
The bog body touches you!
Ouch! That really hurt!
* * * LOW HITPOINT WARNING * * *
The bog body freezes you!!
Ouch! That really hurt!
You die...

##########++######
#................#
#......#..#......#
#................+
+................+
#......#..#......#
#................#
####'#####@)######
#.......##no#
#.......##o.o.
#.......##o...#
#...<...##...##
#.......##..##
#.......##..#
#.......##..#
#########


You could see a bog body, an orc priest and 3 orcs.

Vanquished Creatures
  An orc (D)
1 creature vanquished.

Notes
Turn   | Place    | Note
-------+----------+-------------------------------------------
     0 | D        | sircluck the Hill Orc Berserker began the quest for the
                  | Orb.
     0 | D        | Reached XP level 1. HP: 19/19 MP: 1/1
    11 | D        | Noticed an orc priest
    11 | D        | Noticed a bog body
    14 | D        | Annihilated by a bog body

Illustrated notes

Levels and vault maps discovered:
D:        pitsprint [storerooms_1, entrance_room_1, metal_vault_6, armoury_1,
          mini_pit_1, grid_room_1, main_hall_1, silver_pit, the_coven_2,
          the_vestibule_1, steel_vault_2, golden_pit, hallway_of_sentries,
          crystal_vault_1, iron_vault_2, final_vault]

Action                     || total
---------------------------++-------
  Melee: Hand axe          ||     2
         Punch             ||     1
  Dodge: Dodged            ||     1

Table legend: (Time is in decaauts)
 A = Elapsed time spent in this place.
 B = Non-inter-level travel time spent in this place.
 C = Inter-level travel time spent in this place.
 D = Time resting spent in this place.
 E = Time spent auto-exploring this place.
 F = Levels seen in this place.
 G = Mean time per level.
                   A        B        C        D        E       F      G
               +--------+--------+--------+--------+--------+-----+--------+
         Total |     14 |     14 |      0 |      0 |     11 |   1 |   14.0 |
       Dungeon |     14 |     14 |      0 |      0 |     11 |   1 |   14.0 |
               +--------+--------+--------+--------+--------+-----+--------+

Top non-repeatable levels by time:
       D: 14 daAuts
